AoeStats
← Peppi Legs

Arena

508601894Analyzed
3v3 RM · 9d ago on Sep 23, 2026· 42m 45s· 6 players
Game mode
Random Map
Map size
Normal (6 player)
Population
200
Speed
Normal
Resources
Standard
Victory
Conquest
Starting age
Dark Age
Ending age
Imperial Age
RankedLock teamsTeams togetherTeam positionsShared explorationLock speedFull tech treeHidden civsTurbo modeCheats
Victory
Defeat
🇦🇺 Byzantines · Australia
929
+15
924
+15
🇨🇳 Magyars · China
917
+15
🇳🇱 Britons · Netherlands
977
-18
🇫🇷 Byzantines · France
879
-14
🇩🇪 Saxons · Germany
844
-13
Sanchi
10:56 Feudal Age
11:32 Horse Collar
16:42 Castle Age
15:02 Gold Mining
16:50 Bloodlines
16:45 Double-Bit Axe
17:29 Scale Barding Armor
22:39 Chain Barding Armor
29:16 Gold Shaft Mining
28:58 Heavy Plow
29:02 Stone Mining
31:46 Bow Saw
32:59 Husbandry
39:10 Imperial Age
38:11 Ballistics
38:00 Thumb Ring
38:08 Fletching
38:06 Light Cavalry
39:00 Corvinian Army
40:59 Plate Barding Armor
40:26 Padded Archer Armor
42:15 Bodkin Arrow
42:37 Leather Archer Armor
43:49 Chemistry
43:34 Conscription
BoBo鸡之印第安走地鸡
14:50 Feudal Age
16:07 Wheelbarrow
15:39 Double-Bit Axe
18:46 Castle Age
16:59 Horse Collar
20:32 Bow Saw
23:59 Stone Mining
24:06 Gold Mining
27:19 Gold Shaft Mining
27:47 Hand Cart
27:19 Loom
28:27 Town Watch
28:55 Heavy Plow
32:02 Imperial Age
29:37 Scale Mail Armor
31:25 Chain Mail Armor
31:21 Forging
31:53 Town Patrol
32:20 Gambesons
32:21 Arson
32:36 Squires
31:58 Pikeman
31:58 Man-at-Arms
33:33 Conscription
34:07 Plate Mail Armor
34:23 Iron Casting
34:10 Halberdier
34:10 Long Swordsman
34:23 Elite Samurai
36:48 Two-Handed Swordsman
38:07 Champion
41:02 Blast Furnace
Peppi Legs
1:06 Loom
10:49 Feudal Age
11:48 Double-Bit Axe
12:38 Gold Mining
18:22 Castle Age
17:10 Horse Collar
20:16 Wheelbarrow
20:39 Bow Saw
23:20 Fletching
23:31 Padded Archer Armor
24:07 Elite Skirmisher
24:53 Thumb Ring
24:10 Crossbowman
27:03 Stone Mining
27:37 Bodkin Arrow
28:41 Gold Shaft Mining
28:01 Pikeman
28:46 Squires
34:04 Imperial Age
32:31 Leather Archer Armor
34:22 Forging
34:14 Scale Mail Armor
35:49 Chemistry
35:11 Ballistics
36:05 Bracer
36:37 Ring Archer Armor
38:45 Iron Casting
38:25 Chain Mail Armor
40:42 Arbalester
42:41 Plate Mail Armor
Bélisaire
0:30 Loom
14:23 Feudal Age
20:50 Castle Age
20:14 Stone Mining
20:12 Double-Bit Axe
20:10 Horse Collar
20:31 Gold Mining
23:00 Forging
23:38 Scale Barding Armor
24:04 Husbandry
29:04 Imperial Age
28:23 Iron Casting
28:42 Bow Saw
29:10 Gold Shaft Mining
29:25 Caravan
30:10 Heavy Plow
29:59 Light Cavalry
33:12 Chemistry
32:50 Wheelbarrow
33:01 Elite Skirmisher
36:51 Conscription
36:33 Fletching
40:53 Bodkin Arrow
42:49 Bracer
DD I ADLERHORSCHD
10:15 Feudal Age
10:48 Horse Collar
10:56 Double-Bit Axe
13:41 Loom
16:12 Wheelbarrow
18:31 Castle Age
18:00 Scale Mail Armor
18:14 Forging
18:40 Arson
19:43 Gold Mining
19:44 Stone Mining
20:10 Bow Saw
20:12 Pikeman
20:52 Squires
24:46 Chain Mail Armor
25:39 Hand Cart
27:46 Squires
29:52 Heavy Plow
31:16 Town Watch
34:15 Iron Casting
35:47 Town Patrol
43:43 Imperial Age
41:53 Gold Shaft Mining
KontKorst123
10:02 Feudal Age
10:11 Feudal Age
11:58 Loom
14:41 Castle Age
13:28 Double-Bit Axe
13:36 Horse Collar
16:04 Bow Saw
16:20 Heavy Plow
20:18 Fletching
22:43 Wheelbarrow
22:12 Pikeman
23:29 Gold Mining
25:51 Stone Mining
29:55 Imperial Age
28:36 Hand Cart
28:06 Town Watch
28:56 Bodkin Arrow
30:21 Ballistics
29:43 Treadmill Crane
30:41 Gold Shaft Mining
30:37 Bracer
30:38 Padded Archer Armor
31:43 Chemistry
31:15 Siege Engineers
32:19 Leather Archer Armor
31:44 Elite Longbowman
32:45 Conscription
33:35 Yeomen
34:31 Warwolf
35:00 Conscription
36:28 Two-Man Saw
37:43 Ring Archer Armor
38:10 Masonry
Connection lost

Rejoining the realm…

Still unreachable

The connection could not be restored.

Session expired

The server has moved on; the page needs a fresh start.